Map: Echo LE (Void)

Players

Jason - Winner!

  • Race: Terran Terran
  • League: Grandmaster
  • Spawn Location: 11:00

Rob

  • Race: Protoss Protoss
  • League: Grandmaster
  • Spawn Location: 5:00

VOD

Have the link to the VOD?

Description

Time

  • Played on: May 13, 2019, 4:39 p.m.
  • Length: 7:43
Show
View Real Time Build Order
Export as new Build Order

Jason Terran - Winner!

Build Orders:  

Get SALT Encoding   

  12  0:00  SCV  
  13  0:12  SCV  
  14  0:17  Supply Depot  
  14  0:25  SCV  
  15  0:28  Refinery  
  15  0:39  SCV  
  16  0:45  Barracks  
  16  0:51  SCV  
  17  1:03  SCV  
  18  1:15  SCV  
  19  1:25  Supply Depot  
  19  1:32  Marine  
  20  1:37  Bunker x2  
  20  1:48  Supply Depot  
  20  1:50  Marine  
  21  2:02  SCV  
  21  2:07  Marine  
  23  2:28  Orbital Command  
  23  2:35  Marine  
  22  2:53  Marine  
  23  3:00  Factory  
  23  3:04  Supply Depot  
  23  3:10  SCV  
  23  3:23  Refinery  
  23  3:25  Reaper  
  23  3:26  SCV  
  23  3:35  Command Center  
  23  3:38  SCV  
  24  3:45  Factory Tech Lab  
  24  3:46  Starport  
  24  3:51  SCV  
  25  3:57  Barracks Reactor  
  25  4:04  SCV  
  25  4:05  Siege Tank  
  29  4:16  SCV  
  30  4:24  Starport Tech Lab  
  30  4:28  SCV  
  31  4:39  Supply Depot  
  31  4:46  SCV, Banshee, Siege Tank, Marine x2  
  40  4:58  SCV  
  41  5:04  Marine x2  
  43  5:12  Orbital Command  
  43  5:14  SCV  
  44  5:22  Marine x2  
  44  5:24  Siege Tank  
  49  5:29  SCV, Medivac  
  49  5:32  Supply Depot  
  52  5:39  Marine  
  52  5:40  SCV  
  54  5:47  Marine  
  55  5:50  SCV  
  55  5:53  SCV  
  56  5:57  Marine  
  56  5:58  Siege Tank  
  56  6:02  SCV  
  61  6:05  Marine  
  61  6:09  SCV  
  63  6:14  SCV, Banshee  
  63  6:15  Marine  
  68  6:21  SCV  
  68  6:23  Marine  
  70  6:33  Bunker  
  70  6:38  Supply Depot  
  70  6:39  Supply Depot  
  70  6:44  Marine x2  
  70  6:45  SCV  
  73  6:56  Bunker  
  73  6:58  Bunker  
  73  7:02  Marine x2  
  73  7:05  Siege Tank  
  73  7:08  SCV x2  
  79  7:11  Bunker  
  79  7:20  SCV x2, Marine  
  84  7:31  Barracks  
  86  7:37  Barracks  
Show
View Real Time Build Order
Export as new Build Order

Rob Protoss 

Build Orders: Cannon Rush 

Get SALT Encoding   

  12  0:00  Probe  
  13  0:12  Probe  
  14  0:21  Pylon  
  14  0:24  Probe  
  15  0:39  Probe  
  15  0:40  Forge  
  16  0:52  Probe  
  16  0:55  Pylon  
  17  1:17  Photon Cannon  
  17  1:35  Pylon  
  17  1:37  Pylon  
  16  1:42  Photon Cannon  
  16  1:47  Pylon  
  16  1:55  Photon Cannon  
  16  1:56  Photon Cannon  
  16  1:59  Photon Cannon  
  16  2:03  Photon Cannon  
  16  2:09  Pylon  
  16  2:11  Probe  
  16  2:23  Probe  
  16  2:28  Gateway  
  17  2:35  Probe  
  18  2:41  Assimilator x2  
  18  2:46  Photon Cannon  
  18  2:47  Probe  
  19  3:00  Probe  
  19  3:04  Pylon  
  20  3:12  Probe  
  20  3:14  Zealot  
  20  3:24  Probe  
  20  3:26  Cybernetics Core  
  23  3:36  Nexus  
  23  3:38  Zealot  
  23  3:42  Probe  
  25  3:54  Probe  
  26  3:55  Stalker  
  26  3:57  Pylon  
  26  4:04  Warp Gate  
  28  4:15  Probe  
  29  4:23  Robotics Facility  
  29  4:27  Probe  
  30  4:41  Adept  
  30  4:47  Probe  
  30  4:48  Pylon  
  30  4:49  Probe  
  34  5:00  Probe  
  34  5:01  Probe  
  36  5:12  Robotics Bay  
  36  5:13  Observer  
  36  5:15  Probe x2  
  39  5:27  Probe x2  
  41  5:39  Probe x2, Warp Prism  
  43  5:51  Probe  
  43  5:53  Probe  
  43  5:55  Pylon  
  47  5:58  Gravitic Drive  
  47  6:02  Forge  
  47  6:03  Probe  
  48  6:05  Probe  
  48  6:09  Gateway  
  49  6:12  Disruptor, Gateway  
  52  6:18  Probe  
  53  6:25  Stalker  
  53  6:31  Cybernetics Core  
  55  6:33  Gateway  
  55  6:41  Pylon  
  55  6:47  Pylon  
  55  6:49  Pylon  
  55  6:59  Disruptor  
  55  7:08  Stalker  
  54  7:13  Stalker  
  58  7:22  Gateway  
  58  7:24  Gateway  
  58  7:27  Pylon x2  
Tags
 
Add a new tag
Caveats
  • Supply blocks, unpowered buildings, or Contaminate may cause inaccurate times.
  • Supply counts are checked every 10 seconds.